Map: Cañón atribulado

Players

TATORREA - Winner!

  • Race: Protoss Protoss
  • League: Silver
  • Spawn Location: 12:00

tigro - Winner!

  • Race: Terran Terran
  • League: Bronze
  • Spawn Location: 3:00

MrFercho - Winner!

  • Race: Zerg Zerg
  • League: Silver
  • Spawn Location: 12:00

Zee

  • Race: Protoss Protoss
  • Spawn Location: 6:00

GauchoGEEGEE

  • Race: Terran Terran
  • Spawn Location: 6:00

BountyKilla

  • Race: Terran Terran
  • Spawn Location: 7:00

VOD

Have the link to the VOD?

Description

Time

  • Played on: June 26, 2020, 10:21 p.m.
  • Length: 11:39
Show
View Real Time Build Order
Export as new Build Order

TATORREA Protoss - Winner!

Build Orders:  

Get SALT Encoding   

  12  0:01  Probe  
  13  0:14  Probe  
  14  0:24  Pylon  
  14  0:26  Probe  
  15  0:42  Probe  
  16  0:44  Gateway  
  16  0:54  Probe  
  17  1:02  Probe  
  17  1:07  Assimilator  
  17  1:10  Probe  
  18  1:13  Pylon  
  19  1:18  Probe  
  20  1:26  Probe  
  21  1:33  Cybernetics Core  
  21  1:35  Probe  
  22  1:47  Probe  
  23  2:02  Nexus  
  23  2:08  Pylon  
  23  2:10  Probe  
  24  2:20  Probe  
  24  2:22  Warp Gate  
  25  2:24  Stalker  
  25  2:28  Probe  
  27  2:36  Probe  
  28  2:38  Assimilator  
  29  2:48  Probe  
  30  2:58  Stalker  
  32  3:00  Probe  
  33  3:09  Robotics Facility  
  33  3:10  Probe x2  
  34  3:18  Probe  
  34  3:19  Probe  
  37  3:27  Probe  
  37  3:28  Probe  
  39  3:39  Probe  
  39  3:40  Probe  
  41  3:46  Nexus  
  41  3:52  Pylon, Probe  
  41  3:53  Probe  
  43  4:00  Observer  
  44  4:04  Probe  
  44  4:05  Probe  
  46  4:16  Assimilator  
  46  4:17  Probe x2  
  47  4:20  Assimilator  
  47  4:21  Immortal  
  52  4:29  Probe x2  
  52  4:30  Stargate  
  54  4:41  Probe x2  
  56  4:53  Probe x2  
  56  4:58  Nexus  
  56  4:59  Pylon, Probe  
  59  5:02  Pylon  
  59  5:05  Probe x2  
  59  5:06  Stalker  
  63  5:07  Pylon  
  63  5:11  Probe  
  64  5:17  Probe x2  
  64  5:19  Assimilator  
  66  5:22  Assimilator  
  66  5:23  Probe  
  66  5:26  Immortal  
  71  5:29  Probe x2  
  71  5:33  Void Ray  
  71  5:35  Probe  
  78  5:41  Pylon  
  78  5:43  Probe x2  
  78  5:45  Pylon  
  78  5:47  Probe  
  81  5:55  Probe x2  
  83  5:59  Probe  
  84  6:07  Probe x2  
  84  6:10  Stalker  
  88  6:13  Probe x2  
  90  6:19  Probe x2  
  69  6:41  Probe x2  
  69  6:42  Probe  
  72  7:00  Stalker  
  74  7:01  Void Ray  
  74  7:04  Immortal  
  82  7:26  Stalker  
  80  7:43  Immortal  
  78  7:44  Void Ray  
  74  7:57  Stalker  
  70  8:16  Probe x3  
  73  8:27  Void Ray  
  73  8:28  Probe x3  
  80  8:41  Nexus  
  80  8:43  Gateway  
  80  8:45  Gateway  
  80  8:47  Gateway  
  80  8:49  Gateway, Probe x3  
  80  8:52  Gateway  
  80  8:55  Gateway, Immortal  
  87  8:59  Gateway, Stalker  
  87  9:01  Probe x3  
  87  9:02  Gateway  
  92  9:04  Pylon  
  92  9:07  Forge  
  92  9:09  Forge  
  92  9:10  Void Ray  
  92  9:13  Forge, Probe x2  
  92  9:14  Probe  
  99  9:17  Assimilator  
  99  9:21  Assimilator  
  99  9:25  Probe x2  
  99  9:26  Probe  
  102  9:34  Immortal  
  102  9:37  Probe  
  102  9:38  Probe x2  
  109  9:50  Probe x3  
  112  9:53  Void Ray  
  116  10:02  Probe x3  
  119  10:14  Observer  
  120  10:19  Stalker x2  
  120  10:20  Stalker x4  
  120  10:21  Stalker x3  
  138  10:38  Twilight Council  
  138  10:40  Gateway  
  138  10:43  Gateway  
  138  10:45  Gateway  
  138  10:46  Gateway  
  138  10:47  Pylon  
  138  10:51  Pylon  
  138  10:56  Pylon  
  138  11:01  Pylon  
  140  11:08  Pylon  
Show
View Real Time Build Order
Export as new Build Order

tigro Terran - Winner!

Build Orders:  

Get SALT Encoding   

  12  0:04  SCV  
  13  0:16  SCV  
  14  0:21  Supply Depot  
  14  0:28  SCV  
  15  0:36  Refinery  
  15  0:43  SCV  
  15  0:49  Barracks  
  16  0:56  SCV  
  17  1:06  Refinery  
  17  1:08  SCV  
  18  1:20  SCV  
  19  1:32  Supply Depot, SCV  
  20  1:38  Marine  
  21  1:44  SCV  
  22  1:53  Barracks  
  22  1:56  Marine  
  23  2:07  SCV  
  24  2:14  Marine  
  25  2:17  Engineering Bay  
  25  2:19  SCV  
  26  2:32  Marine, Orbital Command  
  27  2:41  Barracks Reactor  
  27  2:49  Marine  
  28  2:53  Factory  
  28  3:11  Terran Infantry Weapons Level 1  
  28  3:20  Barracks Tech Lab  
  28  3:29  Marine x2  
  30  3:40  Factory Tech Lab  
  30  3:47  Marine x2  
  32  3:51  Starport  
  32  4:05  Marine x2  
  32  4:09  Siege Tank  
  37  4:23  Marine x2  
  39  4:34  Command Center  
  39  4:40  Medivac  
  39  4:43  Combat Shield  
  41  5:05  Terran Infantry Armor Level 1  
  41  5:07  Armory  
  41  5:41  Starport Tech Lab  
  41  5:42  Marine  
  41  5:43  Marine x2  
  44  5:56  Fusion Core  
  44  6:00  Marine x2  
  44  6:01  Marine  
  44  6:02  Stimpack  
  44  6:04  Refinery  
  47  6:05  SCV  
  48  6:17  SCV  
  48  6:18  Marine x3  
  52  6:29  SCV  
  53  6:36  Marine x3  
  56  6:41  SCV  
  57  6:54  Marine x3  
  57  6:59  Hi-Sec Auto Tracking  
  60  7:07  Refinery  
  60  7:11  Marine  
  60  7:12  Marine x2  
  48  7:29  Marine  
  40  7:30  Marine x2  
  19  7:47  Marine  
  16  7:51  SCV  
  17  8:04  SCV  
  18  8:16  SCV  
  19  8:20  Refinery  
  19  8:28  SCV  
  20  8:35  Fusion Core  
  20  8:40  SCV  
  21  8:52  SCV  
  21  8:54  Medivac  
  24  9:00  Marine x3  
  27  9:04  SCV  
  28  9:16  SCV  
  29  9:18  Marine x3  
  29  9:24  Medivac  
  34  9:26  SCV  
  34  9:28  SCV  
  36  9:35  Marine  
  36  9:36  Marine  
  38  9:38  SCV  
  38  9:40  SCV  
  40  9:52  SCV  
  25  10:40  SCV  
  26  10:52  SCV  
  26  10:53  Marine  
  26  10:54  Marine x2  
  30  11:04  SCV  
  31  11:11  Marine x2  
  31  11:12  Marine  
  31  11:14  SCV  
  31  11:16  SCV  
  36  11:26  SCV  
Show
View Real Time Build Order
Export as new Build Order

MrFercho Zerg - Winner!

Build Orders: Pool First 

Get SALT Encoding   

  12  0:01  Drone  
  13  0:13  Overlord  
  13  0:18  Drone  
  14  0:31  Drone x2  
  16  0:46  Spawning Pool  
  16  0:48  Drone  
  16  0:51  Drone  
  16  0:54  Extractor  
  16  0:56  Drone  
  17  1:10  Drone  
  18  1:18  Overlord  
  18  1:37  Drone  
  18  1:39  Hatchery  
  18  1:51  Queen  
  20  1:59  Metabolic Boost  
  20  2:02  Zergling x2  
  20  2:03  Zergling x4  
  23  2:14  Drone  
  24  2:28  Drone  
  25  2:35  Evolution Chamber, Drone  
  25  2:37  Lair  
  25  2:48  Extractor, Drone  
  25  2:50  Drone  
  26  2:56  Queen  
  26  2:58  Drone  
  29  3:00  Drone  
  29  3:01  Drone  
  31  3:07  Drone x2  
  33  3:15  Zerg Melee Weapons Level 1  
  33  3:17  Zergling x2  
  34  3:28  Drone x2  
  34  3:30  Overlord  
  36  3:51  Zergling x8  
  36  3:53  Zergling x6  
  43  3:56  Drone  
  43  3:58  Overlord  
  44  4:10  Spire  
  43  4:25  Drone x3  
  43  4:26  Nydus Network, Drone  
  43  4:31  Extractor  
  45  4:32  Extractor  
  44  4:38  Zergling x4  
  44  4:39  Zergling x2  
  47  4:52  Drone x4  
  51  4:53  Infestation Pit  
  51  4:56  Zergling x2  
  51  5:01  Overseer  
  51  5:05  Drone  
  52  5:08  Overlord  
  52  5:09  Overlord  
  52  5:38  Zergling x12  
  52  5:41  Mutalisk x2  
  62  5:55  Drone x5  
  67  6:09  Nydus Canal  
  67  6:16  Overlord  
  67  6:17  Overlord x2  
  67  6:33  Hatchery, Mutalisk  
  67  6:34  Mutalisk x4  
  58  6:57  Overseer  
  58  7:02  Drone x9  
  67  7:24  Mutalisk x2  
  71  7:39  Spore Crawler  
  71  7:40  Mutalisk x2  
  70  8:23  Mutalisk  
  70  8:24  Mutalisk x5  
  80  8:37  Mutalisk x2  
  75  8:44  Queen  
  69  8:58  Zerg Flyer Weapons Level 1  
  69  9:02  Hydralisk Den  
  68  9:07  Drone x4  
  72  9:13  Drone x2  
  74  9:33  Muscular Augments  
  74  9:40  Zergling x20  
  84  9:47  Hive  
  84  9:49  Drone x4  
  88  10:02  Hydralisk x3  
  94  10:47  Hydralisk x3  
  94  10:48  Hydralisk  
  97  10:50  Overlord x4  
  97  10:51  Overlord  
  91  11:07  Mutalisk x5  
  91  11:08  Mutalisk  
Show
View Real Time Build Order
Export as new Build Order

Zee Protoss 

Build Orders: Dark Templar Rush 

Get SALT Encoding   

  12  0:03  Probe  
  13  0:27  Pylon  
  13  0:48  Gateway  
  13  1:05  Assimilator  
  13  1:10  Assimilator  
  13  1:22  Probe  
  14  1:25  Pylon  
  14  1:34  Probe  
  15  1:44  Cybernetics Core  
  15  1:46  Probe  
  16  1:54  Probe  
  17  2:03  Probe  
  18  2:15  Probe  
  19  2:23  Twilight Council, Probe  
  19  2:28  Warp Gate  
  20  2:30  Pylon  
  20  2:31  Probe  
  21  2:41  Probe  
  22  2:50  Pylon  
  22  2:54  Probe  
  23  3:03  Robotics Facility  
  23  3:13  Dark Shrine  
  23  3:28  Gateway  
  23  3:30  Gateway  
  23  3:40  Gateway  
  23  3:59  Warp Prism  
  25  4:27  Warp Prism  
  25  4:28  Dark Templar  
  25  4:29  Dark Templar  
  25  4:30  Dark Templar  
  31  4:34  Dark Templar  
  35  5:06  Dark Templar  
  37  5:07  Dark Templar x2  
  37  5:08  Dark Templar  
  33  7:53  Dark Templar x2  
  33  7:54  Dark Templar  
  33  8:34  Dark Templar  
  33  8:35  Dark Templar x2  
  38  8:59  Pylon x2  
  38  9:01  Pylon  
  38  9:02  Pylon  
  38  9:03  Pylon  
  38  9:22  Dark Templar x2  
  38  9:23  Dark Templar  
  44  9:58  Dark Templar  
  44  9:59  Dark Templar  
  48  10:00  Dark Templar  
Show
View Real Time Build Order
Export as new Build Order

GauchoGEEGEE Terran 

Build Orders:  

Get SALT Encoding   

  12  0:02  SCV  
  13  0:14  SCV  
  14  0:31  Supply Depot, SCV  
  15  1:12  SCV  
  15  1:13  Barracks  
  16  1:19  Refinery  
  16  1:22  Refinery  
  16  1:25  SCV  
  17  1:42  SCV  
  18  1:54  SCV  
  19  2:06  SCV  
  20  2:10  Marine  
  20  2:12  Supply Depot  
  21  2:18  SCV  
  22  2:28  Marine, Factory  
  23  2:32  Engineering Bay  
  23  2:34  SCV  
  24  2:43  Supply Depot  
  24  2:59  Marine  
  25  3:11  SCV  
  26  3:17  Marine  
  27  3:28  Starport x2  
  27  3:30  SCV  
  28  3:38  Supply Depot  
  28  4:03  Marine  
  29  4:15  Fusion Core, Starport Tech Lab x2  
  29  4:26  Missile Turret  
  29  4:32  Marine  
  30  4:43  Raven  
  32  4:50  Marine  
  33  5:09  Battlecruiser  
  39  5:54  Battlecruiser  
  45  6:29  Supply Depot  
  45  6:31  Supply Depot  
  9  9:30  Command Center  
  9  9:46  Marine  
  10  10:04  Marine  
  11  10:22  Marine  
  12  10:39  Marine  
  13  10:57  Marine  
Show
View Real Time Build Order
Export as new Build Order

BountyKilla Terran 

Build Orders:  

Get SALT Encoding   

  12  0:01  SCV  
  13  0:13  SCV  
  14  0:34  Supply Depot  
  14  0:40  SCV  
  15  0:48  Refinery  
  15  0:55  SCV  
  16  0:59  Barracks  
  16  1:18  SCV  
  16  1:23  Refinery  
  17  1:30  SCV  
  18  1:33  Barracks  
  18  1:47  SCV  
  19  2:05  Factory  
  19  2:06  Marine  
  20  2:15  SCV  
  21  2:21  Marine  
  22  2:27  SCV  
  23  2:45  Barracks Tech Lab  
  23  3:25  Supply Depot x2  
  23  3:38  Barracks Tech Lab  
  23  3:46  Marine, SCV, Siege Tank  
  23  3:47  Engineering Bay  
  28  3:58  SCV  
  29  4:03  Command Center  
  29  4:04  Marine x2  
  29  4:07  Combat Shield  
  31  4:10  SCV  
  32  4:23  SCV  
  33  4:37  Siege Tank  
  37  5:00  SCV  
  37  5:06  Marine x2  
  39  5:11  Terran Infantry Weapons Level 1  
  39  5:15  SCV  
  40  5:21  Supply Depot  
  40  5:23  Supply Depot  
  40  5:29  Marine x2  
  42  5:46  Marine  
  43  6:01  Marine  
  44  6:11  SCV  
  45  6:23  SCV  
  46  6:28  Marine x2  
  48  6:46  Armory, Marine  
  49  6:47  Marine  
  50  6:58  Supply Depot  
  50  7:06  Barracks  
  50  7:07  Orbital Command  
  50  7:10  Barracks, Marine x2  
  52  7:39  Siege Tank  
  55  7:47  Marine x2  
  39  8:59  Marine  
  39  9:00  Marine  
  41  9:07  SCV x2  
  43  9:19  SCV x2  
  43  9:22  Terran Infantry Weapons Level 2  
  45  9:31  SCV x2  
  45  9:36  Marine x2  
  49  9:43  SCV x2  
  49  9:44  Refinery  
  51  9:46  Refinery  
  51  9:55  SCV x2  
  53  10:01  Barracks  
  53  10:03  Marine x2  
  55  10:20  Marine  
  56  10:50  Barracks  
Tags
 
Add a new tag
Caveats
  • Supply blocks, unpowered buildings, or Contaminate may cause inaccurate times.
  • Supply counts are checked every 10 seconds.